 Dungeon Crawl Stone Soup version 0.30.0-15-g856e2d3f33 (webtiles) character file.

Game seed: 17733033617109322432

107 jagang the Chiller (level 4, -5/36 HPs)
             Began as a Demigod Ice Elementalist on May 18, 2023.
             Slain by a gnoll
             ... wielding a +0 spear
              (7 damage)
             ... on level 4 of the Dungeon.
             The game lasted 00:09:15 (2622 turns).

jagang the Chiller (Demigod Ice Elementalist)       Turns: 2622, Time: 00:09:16

Health: -5/36      AC:  3    Str: 13    XL:     4   Next: 31%
Magic:  18/19      EV: 12    Int: 21    God:
Gold:   184        SH:  0    Dex: 14    Spells: 6/7 levels left

rFire   . . .        t - +4 short sword of Rejoecku {venom, rC+ Int+4}
rCold   + . .        (no shield)
rNeg    . . .        a - +0 robe
rPois   .            d - +0 helmet
rElec   .            (no cloak)
rCorr   .            (no gloves)
SInv    .            (no boots)
Will    .....        (no amulet)
Stlth   ++           k - ring of magical power
HPRegen 0.26/turn    (no ring)
MPRegen 0.16/turn

%: no passive effects
@: no status effects
A: high MP 1, forlorn, divine attributes
a: no special abilities


You were on level 4 of the Dungeon.
You visited 1 branch of the dungeon, and saw 4 of its levels.

You collected 184 gold pieces.

Inventory:

Hand Weapons
 h - a +0 falchion
 m - a +4 short sword of draining
 t - the +4 short sword of Rejoecku (weapon) {venom, rC+ Int+4}
   (You found it on level 4 of the Dungeon)

   Int:       It affects your intelligence (+4).
   rC:        It protects you from cold.
Missiles
 f - a throwing net
Armour
 a - a +0 robe (worn)
 d - a +0 helmet (worn)
 j - a +0 scale mail
 s - a +0 plate armour
Jewellery
 k - a ring of magical power (left hand)
Scrolls
 c - 5 scrolls of identify {unknown}
 g - a scroll of fear {unknown}
 p - a scroll of silence {unknown}
 r - a scroll of teleportation {unknown}
Potions
 b - a potion of magic
 e - 2 potions of ambrosia {unknown}
 i - 2 potions of flight {unknown}
 l - a potion of attraction {unknown}
 n - 2 potions of brilliance {unknown}
 o - a potion of degeneration {unknown}
 q - a potion of curing {unknown}


   Skills:
 + Level 1.6 Fighting
 * Level 1.4 Long Blades
 + Level 0.0 Armour
 + Level 2.4 Dodging
 - Level 1.8 Stealth
 + Level 2.3 Spellcasting
 + Level 4.0 Ice Magic


You had 6 spell levels left.
You knew the following spells:

 Your Spells              Type           Power      Damage    Failure   Level
a - Freeze                Ice            76%        1d8       2%          1

Your spell library contained the following spells:

 Spells                   Type           Power      Damage    Failure   Level
 Frozen Ramparts          Ice            38%        1d6       9%          3
 Ozocubu's Armour         Ice            19%        N/A       9%          3
 Blink                    Tloc           4%         N/A       22%         2
 Lesser Beckoning         Tloc           4%         N/A       22%         2
 Momentum Strike          Conj/Tloc      4%         3d8       22%         2
 Summon Ice Beast         Ice/Summ       10%        N/A       52%         4


Dungeon Overview and Level Annotations

Branches:
Dungeon (4/15)
 Temple: D:4-7


Innate Abilities, Weirdness & Mutations

You have an increased reservoir of magic. (+10% MP)
You shall have no god before yourself.
Your divine heritage dramatically boosts your attributes as you level up.


Message History

Sorry, you're not good enough to have a special ability.
You freeze the black bear.
The black bear is lightly wounded.
The adder hisses angrily.
The black bear misses you. x2
The black bear claws you but does no damage.
You hit the black bear.
The black bear is poisoned.
The black bear is moderately wounded.
The gnoll completely misses you. The black bear closely misses you.
The black bear barely misses you.
The black bear claws you but does no damage.
You freeze the black bear.
The black bear is heavily wounded.
The gnoll closely misses you. The black bear bites you.
The black bear completely misses you. The black bear claws you.
You puncture the black bear!
The black bear looks as sick as possible!
The black bear is almost dead.
The gnoll misses you.
An orc comes into view. It is wielding a +0 trident.
The black bear goes berserk!
The gnoll closely misses you.
You hit the black bear but do no damage.
The black bear looks as sick as possible!
The black bear is almost dead.
The black bear bites you. The black bear barely misses you.
The black bear misses you. The gnoll misses you.
The gnoll hits you from afar with a +0 spear.
You hit the black bear.
The black bear looks as sick as possible!
The black bear is almost dead.
The black bear bites you!
* * * LOW HITPOINT WARNING * * *
The black bear claws you but does no damage.
The black bear claws you.
* * * LOW HITPOINT WARNING * * *
The gnoll barely misses you. The black bear barely misses you.
The black bear claws you but does no damage.
The black bear closely misses you.
The gnoll hits you from afar with a +0 spear!
You die...

#...# ... .##..<.##...
#...###...# ...[........
#.......... ............
#.......... ............
#.........( .gS........o
#.........#
#g.g........g#.........#####+##
.##..S.......Shh@...............#
....<.........g#................+
...[...##..... ###.##....##.....#
.......# .....####.##..<.##.....#
###$............................#
#......................##.....#
.......................##.....#
.......................#......#
........................#......#


You could see a black bear (berserk, extremely poisoned), a hound, 2 gnolls, an
adder and an orc.

Vanquished Creatures
  4 adders (D:3)
  2 worms
  2 dart slugs
  An orc (D:3)
  4 ball pythons
  4 bats
  7 endoplasms
  A giant cockroach (D:3)
  8 goblins
  6 hobgoblins (D:1)
  A quokka (D:1)
  5 frilled lizards
  7 kobolds
  4 rats
56 creatures vanquished.

Notes
Turn   | Place    | Note
-------+----------+-------------------------------------------
     0 | D:1      | jagang the Demigod Ice Elementalist began the quest for the
                  | Orb.
     0 | D:1      | Reached XP level 1. HP: 14/14 MP: 5/5
   195 | D:1      | Reached XP level 2. HP: 17/22 MP: 0/7
   475 | D:1      | Reached skill level 1 in Fighting
   783 | D:1      | Reached XP level 3. HP: 17/28 MP: 4/8
  1827 | D:3      | Reached skill level 1 in Long Blades
  2151 | D:3      | Reached skill level 4 in Ice Magic
  2151 | D:3      | Reached XP level 4. HP: 34/35 MP: 10/10
  2443 | D:4      | Noticed a black bear
  2594 | D:4      | Identified the +4 short sword of Rejoecku {venom, rC+
                  | Int+4}
  2622 | D:4      | Slain by a gnoll

Illustrated notes

Levels and vault maps discovered:
D:1:      psy_arrival_statuary, layout_basic
D:2:      layout_basic, guppyfry_early_lair_pool
D:3:      layout_loops_ring, minivault_23
D:4:      layout_gridville, lemuel_temple_firewalk_b, ebering_ghost_rock_garden,
          uniq_natasha

Skill      XL: |  1  2  3 |
---------------+----------+-----
Dodging        | 2 |  2.4
Spellcasting   | 2 |  2.3
Fighting       | 1 |  1.6
Long Blades    | 1 |  1.4
Ice Magic      | 4 |  4.0
Stealth        | |  1.8

Action                     |  1- 3 |  4- 6 || total
---------------------------+-------+-------++-------
  Melee: Short sword       |    14 |     8 ||    22
         Punch             |     1 |       ||     1
         Falchion          |     4 |       ||     4
   Cast: Freeze            |    76 |    11 ||    87
   Stab: Sleeping          |     2 |       ||     2
 Armour: Robe              |    17 |     6 ||    23
  Dodge: Dodged            |    49 |    21 ||    70
